Unix NetHack Version 5.0.0-0 post-release - last build May 10 2026 23:12:36 (d1fa5d53e341ca933230fdaa984d921c805b60aa,branch:main).

Game began 2026-05-15 03:56:05, ended 2026-05-15 17:50:53.

BeardyHaddock, neutral male gnomish Archeologist

                               --- - ---
                              --.--.--..|      ----
                              |@..........    --..---
                              |..`.........   |*......
                              --..dq.......-  |^....---               -.
                               ---...--....|  ---.....---        .. --...
                                 --..----..|    --......|       ...--..|
                                   *.   |..--- --|..(...---     -.....-
                                       ......---.----.<...|.    -...---
                                       ---..........|.......     ...|
                                         ----.....-.|.....|       .--
                                            --..........|.- #
                                             --.......^.|...#
                                              --- -......-#..
                                                   -.--.. .#
                                                       -

BeardyHaddock the Field Worker  St:12 Dx:9 Co:17 In:16 Wi:15 Ch:8  Neutral
Dlvl:6  $:127 HP:0(27) Pw:6(6) AC:9  Xp:3 T:2718 

Latest messages:
 What do you want to zap? [x or ?*] x
 The imp hits!
 What do you want to wield? [- aeq or ?*] ?
 q - a broad pick (weapon in hands).
 The imp hits!
 The imp casts aspersions on your ancestry.
 You miss the imp.
 The imp hits!
 You miss the imp.
 The imp hits!
 You miss the imp.
 The imp hits!
 You miss the imp.
 The imp hits!
 The imp casts aspersions on your ancestry.
 What do you want to write with? [- agpqwxB or ?*] -
 You write in the dust with your fingertip.
 What do you want to write in the dust here? Elbereth
 The imp turns to flee.
 You hear some noises in the distance.
 The rothe turns to flee.
 The imp turns to flee.
 The rothe turns to flee.
 The imp turns to flee.
 The rothe turns to flee.
 The dog misses the imp.
 The imp turns to flee.
 The dog misses the imp.
 The dog bites the imp.
 The imp misses the dog.
 The dog bites the rothe.
 The dog bites the rothe.
 The rothe is killed!
 Your dog grows up into a large dog.
 Your large dog eats a rothe corpse.
 The rothe turns to flee.
 The rothe turns to flee.
 Your oil lamp flickers.
 The large dog misses the rothe.
 The rothe turns to flee.
 The large dog bites the rothe.
 The rothe misses the large dog.
 The rothe misses the large dog.
 The rothe misses the large dog.
 The large dog bites the rothe.
 An iron piercer suddenly drops from the ceiling!
 You are hit by a falling iron piercer!
 You die...
 Do you want your possessions identified? [ynq] (y) y
 Do you want to see your attributes? [ynq] (y) q

Inventory:
 Coins    ('$')
  $ - 127 gold pieces
 Weapons  (')')
  a - a +2 bullwhip
  q - a +0 dwarvish mattock (weapon in hands)
 Armor    ('[')
  r - a blessed +0 dwarvish iron helm
  c - an uncursed +0 fedora (being worn)
  s - an uncursed +2 pair of iron shoes
  y - an uncursed +0 cloak of protection
  t - an uncursed +0 dwarvish cloak
  b - an uncursed +0 leather jacket (being worn)
 Comestibles  ('%')
  o - an uncursed eucalyptus leaf
  d - 5 uncursed food rations
 Scrolls  ('?')
  l - an uncursed scroll of magic mapping
  v - an uncursed scroll of remove curse
 Potions  ('!')
  z - an uncursed potion of enlightenment
 Wands    ('/')
  x - a wand of nothing (0:9)
 Tools    ('(')
  A - an empty uncursed bag of holding
  h - an empty uncursed sack
  u - an uncursed brass lantern (lit)
  i - an uncursed oil lamp (lit)
  e - a rusty +0 pick-axe
  f - a tinning kit (0:92)
 Gems/Stones  ('*')
  p - an uncursed agate stone
  w - an uncursed aquamarine stone
  B - an uncursed worthless piece of black glass
  g - an uncursed touchstone

BeardyHaddock the Archeologist's attributes:

Background:
 You were a Field Worker, a level 3 male gnomish Archeologist.
 You were neutral, on a mission for Camaxtli
 who was opposed by Quetzalcoatl (lawful) and Huhetotl (chaotic).
 You were right-handed.
 You were in the Gnomish Mines, on level 6.
 You entered the dungeon 2718 turns ago.
 You had 50 experience points, 30 more were needed to attain level 4.

Basics:
 You had 0 out of 27 hit points.
 You had all 6 energy points (spell power).
 Your armor class was 9.
 Your wallet contained 127 zorkmids.
 Autopickup was off.

Final Characteristics:
 Your strength was 12 (limit:18/50).
 Your dexterity was 9 (limit:18).
 Your constitution was 17 (limit:18).
 Your intelligence was 16 (limit:19).
 Your wisdom was 15 (limit:18).
 Your charisma was 8 (limit:18).

Final Status:
 You weren't hungry.
 You were unencumbered.
 You were wielding a mattock.
 You had basic skill with pick-axe.

Final Attributes:
 You were devoutly aligned.
 You had automatic searching.
 You had infravision.
 You were lucky.
 You are dead.

Miscellaneous:
 You encountered 1 bones level.
 Total elapsed playing time was 20 minutes and 51 seconds.

Major events:
 Turn
    1: BeardyHaddock the neutral male gnomish Archeologist entered the dungeon
 1531: entered the Gnomish Mines
 1933: attained the rank of Field Worker (level 3)
 2718: killed by an iron piercer

You didn't know any spells.

Skills:
 Fighting Skills
   bare handed combat [Unskilled]
   two weapon combat  [Unskilled]
   riding             [Unskilled]
 Weapon Skills
   dagger             [Unskilled]
   knife              [Unskilled]
   pick-axe           [Basic]
   short sword        [Unskilled]
   saber              [Unskilled]
   club               [Unskilled]
   quarterstaff       [Unskilled]
   sling              [Unskilled]
   dart               [Unskilled]
   boomerang          [Unskilled]
   whip               [Basic]
   unicorn horn       [Unskilled]
 Spellcasting Skills
   attack spells      [Unskilled]
   healing spells     [Unskilled]
   divination spells  [Unskilled]
   matter spells      [Unskilled]

Voluntary challenges:
 Character rerolling was not enabled.
 You never genocided any monsters.
 You never polymorphed an object.
 You never changed form.
 You used no wishes.
Achievements:
 You entered a shop.
 You entered the Gnomish Mines.
 You attained the rank of Field Worker.

 The Dungeons of Doom: levels 1 to 4
    Level 1:
    Level 2:
       A weapon shop, a sink.
    Level 3:
       A potion shop, a fountain, a sink.
       Stairs down to The Gnomish Mines.
    Level 4:
 The Gnomish Mines: levels 4 to 6
    Level 4:
    Level 5:
    Level 6: <- You were here.
       Final resting place for
          you, killed by an iron piercer,
          Drastanta-Sam-Hum-Mal-Law, killed by a rothe.


Vanquished creatures:
  a gnome leader
  a gnomish wizard
  a gray ooze
  a dwarf
  a rothe
  a wererat
  2 iguanas
  a hobbit
  2 giant rats
  4 cave spiders
  a brown mold
  a green mold
  a gnome
  6 jackals
  a fox
  a goblin
  2 sewer rats
 11 grid bugs
  a lichen
  a kobold zombie
 13 newts
54 creatures vanquished.

No species were genocided or became extinct.

Game over:
                       ----------
                      /          \
                     /    REST    \
                    /      IN      \
                   /     PEACE      \
                  /                  \
                  |  BeardyHaddock   |
                  |      127 Au      |
                  |   killed by an   |
                  |   iron piercer   |
                  |                  |
                  |                  |
                  |       2026       |
                 *|     *  *  *      | *
        _________)/\\_//(\/(/\)/\//\/|_)_______

Goodbye BeardyHaddock the Archeologist...

You died in The Gnomish Mines on dungeon level 6 with 565 points,
and 127 pieces of gold, after 2718 moves.
You were level 3 with a maximum of 27 hit points when you died.

